 Dungeon Crawl Stone Soup version 0.31-a0-145-g046c7d2549 (webtiles) character file.

Game seed: 6148577858735553070

13166 gelatine the Thaumaturge (level 11, -1/81 HPs)
             Began as a Demonspawn Venom Mage on June 5, 2023.
             Was a High Priest of Vehumet.
             Slain by a hellwing (4 damage)
             ... on level 10 of the Dungeon.
             The game lasted 00:44:01 (12360 turns).

gelatine the Thaumaturge (Demonspawn Venom Mage)   Turns: 12360, Time: 00:44:02

Health: -1/81      AC:  8    Str:  8    XL:     11   Next: 72%
Magic:  8/32       EV: 14    Int: 22    God:    Vehumet [*****.]
Gold:   606        SH:  0    Dex: 13    Spells: 8/27 levels left

rFire   + . .        o - +9 rapier of Ipre {elec, rF+ rN+}
rCold   . . .        (no shield)
rNeg    + . .        G - +1 steam dragon scales
rPois   .            A - +1 helmet
rElec   .            (no cloak)
rCorr   .            (gloves unavailable)
SInv    .            (no boots)
Will    .....        N - amulet of the acrobat
Stlth   +            E - ring of magical power
HPRegen 0.33/turn    (no ring)
MPRegen 0.23/turn

%: acrobat
@: confused, ambrosia-drunk
A: claws 3, hooves 1, ignite blood 1, powered by death 1, weakness stinger 2
a: Renounce Religion


You were on level 10 of the Dungeon.
You worshipped Vehumet.
Vehumet was extremely pleased with you.
You visited 2 branches of the dungeon, and saw 11 of its levels.
You also visited: Ossuary.

You collected 606 gold pieces.

Inventory:

Hand Weapons
 o - the +9 rapier of Ipre (weapon) {elec, rF+ rN+}
   (You took it off a goblin on level 2 of the Dungeon)

   rF:        It protects you from fire.
   rN:        It protects you from negative energy.
 y - the +7 short sword of Understanding {protect, Int+3}
   (You found it on level 5 of the Dungeon)

   Int:       It affects your intelligence (+3).
 K - the +1 long sword of Grace {speed, rElec rC- Will+ rCorr}
   (You found it on level 9 of the Dungeon)

   rC:        It makes you vulnerable to cold.
   rElec:     It insulates you from electricity.
   rCorr:     It protects you from acid and corrosion.
   Will:      It increases your willpower.
Missiles
 d - 21 boomerangs
 p - 2 javelins
Armour
 a - a +0 robe
 c - a +0 cloak
 u - a +0 buckler
 v - a +0 pair of gloves
 A - a +1 helmet (worn)
 G - +1 steam dragon scales (worn)
Jewellery
 C - an amulet of guardian spirit
 E - a ring of magical power (left claw)
 N - an amulet of the acrobat (around neck)
Wands
 I - a wand of digging (6)
 L - a wand of flame (12)
Scrolls
 e - 2 scrolls of enchant weapon
 h - 4 scrolls of teleportation
 i - a scroll of blinking {unknown}
 l - a scroll of noise {unknown}
 m - 5 scrolls of amnesia {unknown}
 n - 4 scrolls of immolation {unknown}
 q - 4 scrolls of fear {unknown}
 w - 6 scrolls of vulnerability {unknown}
 D - 3 scrolls of fog {unknown}
 H - a scroll of poison
Potions
 b - a potion of magic
 f - 3 potions of mutation
 g - a potion of haste
 j - 4 potions of attraction
 k - 2 potions of ambrosia
 s - 3 potions of lignification
 t - 2 potions of curing
 x - 2 potions of brilliance
 z - 3 potions of might
 F - 3 potions of enlightenment
 J - a potion of berserk rage {unknown}
 M - 2 potions of invisibility {unknown}
Miscellaneous
 B - a lightning rod (3/4)


   Skills:
 * Level 6.1 Fighting
 * Level 6.1 Short Blades
 * Level 6.3 Dodging
 + Level 3.3 Stealth
 * Level 8.7 Spellcasting
 * Level 4.5 Conjurations
 * Level 2.5 Translocations
 + Level 3.6 Transmutations
 * Level 2.4 Fire Magic
 + Level 2.7 Air Magic
 * Level 8.3 Poison Magic
 * Level 3.1 Evocations


You had 8 spell levels left.
You knew the following spells:

 Your Spells              Type           Power      Damage    Failure   Level
a - Sting                 Tmut/Pois      100%       1d8       1%          1
b - Poisonous Vapours     Pois/Air       68%        N/A       1%          2
c - Mephitic Cloud        Conj/Pois/Air  32%        N/A       1%          3
d - Static Discharge      Conj/Air       50%        2-5/arc   1%          2
e - Olgreb's Toxic Radia  Pois           46%        N/A       1%          4
f - Ignite Poison         Fire/Tmut/Pois 30%        N/A       1%          3
g - Iskenderun's Mystic   Conj/Tloc      25%        2d7       4%          4

Your spell library contained the following spells:

 Spells                   Type           Power      Damage    Failure   Level
 Spellforged Servitor     Conj/Summ      9%         N/A       99%         7
 Magic Dart               Conj           100%       1d8       1%          1
 Searing Ray              Conj           58%        2d6       1%          2
 Inner Flame              Hex/Fire       15%        N/A       3%          3
 Flame Wave               Conj/Fire      25%        2d8       4%          4
 Sticky Flame             Conj/Fire      25%        2d5       4%          4
 Vhi's Electric Charge    Tloc/Air       42%        N/A       7%          3
 Fulminant Prism          Conj/Hex       9%         3d7       7%          4
 Gell's Gravitas          Tloc           20%        N/A       8%          3
 Teleport Other           Tloc           20%        N/A       8%          3
 Call Imp                 Summ           18%        N/A       11%         2
 Arcjolt                  Conj/Air       12%        1d22      11%         5
 Plasma Beam              Fire/Air       10%        2x1d21    63%         6
 Dispersal                Tloc           10%        N/A       98%         6
 Chain Lightning          Conj/Air       12%        3d16      100%        9
 Fire Storm               Conj/Fire      12%        8d3       100%        9
 Shatter                  Erth           4%         3d8*      100%        9


Dungeon Overview and Level Annotations

Branches:
Dungeon (10/15)            Temple (1/1) D:4            Lair (0/5) D:9
Ossuary (visited)
    Orc: D:9-12

Altars:
Ashenzari
Cheibriados
Dithmenos
Fedhas
Gozag
Hepliaklqana
Kikubaaqudgha
Makhleb
Nemelex Xobeh
Okawaru
Qazlal
Ru
Sif Muna
Trog
Uskayaw
Vehumet
Wu Jian
Xom
Yredelemnul


Innate Abilities, Weirdness & Mutations

You have claws for hands.
You have large cloven feet.
Your demonic aura sometimes causes spilled blood to erupt in flames.
You regenerate a little health from kills.
You have a tail ending in a sharp stinger.


Message History

The hellwing is lightly wounded.
Your toxic aura wanes.
The hellwing hits you!
* * * LOW HITPOINT WARNING * * *
The hellwing hits you but does no damage.
The hellwing hits you!
* * * LOW HITPOINT WARNING * * *
The hellwing hits you but does no damage.
You feel much better. The hellwing closely misses you. x2
The hellwing hits you!
* * * LOW HITPOINT WARNING * * *
The hellwing barely misses you.
Casting: Olgreb's Toxic Radiance (mildly dangerous; 1% risk of failure)
Confirm with . or Enter, or press ? or * to list all spells.
You erupt in a blast of force!
The mystic blast hits the hellwing but does no damage.
The hellwing is lightly wounded.
The mystic blast hits the hellwing but does no damage.
The hellwing is almost dead.
The mystic blast hits the hellwing!
The hellwing is moderately wounded.
The hellwing is knocked back by the mystic blast.
The hellwing collides with the hellwing!
The hellwing hits you.
* * * LOW HITPOINT WARNING * * *
The hellwing hits you.
* * * LOW HITPOINT WARNING * * *
You feel better. The hellwing hits you.
* * * LOW HITPOINT WARNING * * *
The hellwing hits you but does no damage.
The hellwing hits you!
* * * LOW HITPOINT WARNING * * *
The hellwing barely misses you.
You are confused.
You feel invigorated. The hellwing misses you. The hellwing hits you!
* * * LOW HITPOINT WARNING * * *
The hellwing hits you.
* * * LOW HITPOINT WARNING * * *
The hellwing hits you.
You die...

[....#..#
....###.##
....#
#..####
(...#
##....###
..###
####...####
..#
###....#
..# ####.#
... #####
#4# .....#
#@#
......##4#
####...#4#
†††#...#.#
[††#...'.#
†††#..Z###
####...
..4...#
.....#


You could see 3 hellwings.

Vanquished Creatures
  Erica (D:9)
  A boulder beetle (D:9)
  A two-headed ogre (D:9)
  A skeletal warrior (D:9)
  An ugly thing (D:9)
  A manticore (D:9)
  A cyclops (D:9)
  A kobold demonologist (D:9)
  Maggie (D:7)
  4 centaur skeletons (D:10)
  A komodo dragon (D:10)
  A hornet (D:9)
  A shadow (D:9)
  A wyvern (D:9)
  11 yaks
  A vampire (D:10)
  Edmund (D:5)
  A water moccasin (D:9)
  2 ice beasts
  8 orc warriors
  4 black bears (D:9)
  3 ogres
  4 sky beasts
  A centaur (D:5)
  A phantom (D:4)
  A kobold brigand (D:9)
  9 bullfrogs
  14 scorpions
  4 wights
  4 killer bees
  A howler monkey (D:5)
  2 centaur zombies (Ossuary)
  3 gnoll boudas
  3 jellies
  6 orc priests
  2 sleepcaps
  5 scorpion zombies (Ossuary)
  18 orc wizards
  3 mummies (Ossuary)
  13 gnolls
  7 adders
  2 white imps
  2 worms
  2 dart slugs
  62 orcs
  6 ball pythons
  6 endoplasms
  3 giant cockroaches
  2 gnoll zombies (Ossuary)
  7 goblins
  2 hobgoblins
  11 kobolds
  A quokka (D:4)
  2 bats (D:1)
  6 frilled lizards
  5 goblin zombies
  A kobold zombie (Ossuary)
  7 orc zombies (Ossuary)
  A rat (D:1)
  A rat zombie (D:7)
278 creatures vanquished.

Notes
Turn   | Place    | Note
-------+----------+-------------------------------------------
     0 | D:1      | gelatine the Demonspawn Venom Mage began the quest for the
                  | Orb.
     0 | D:1      | Reached XP level 1. HP: 13/13 MP: 3/3
   352 | D:1      | Discovered your monstrous ancestry.
   352 | D:1      | Gained mutation: You have a small tail. [demonic ancestry]
   352 | D:1      | Reached XP level 2. HP: 19/19 MP: 0/5
   444 | D:1      | Reached skill level 1 in Transmutations
  1157 | D:1      | Learned a level 2 spell: Poisonous Vapours
  1433 | D:2      | Identified the +9 rapier of Ipre {elec, rF+ rN+}
  1833 | D:2      | Found a faded altar of an unknown god.
  1885 | D:2      | Gained mutation: You have large cloven feet. [demonic
                  | ancestry]
  1885 | D:2      | Reached XP level 3. HP: 10/24 MP: 0/6
  3096 | D:3      | Gained mutation: You have sharp fingernails. [demonic
                  | ancestry]
  3096 | D:3      | Reached XP level 4. HP: 31/31 MP: 0/8
  3267 | D:3      | Noticed an ogre
  3284 | D:3      | Killed an ogre
  3285 | D:3      | Reached skill level 1 in Air Magic
  3285 | D:3      | Gained mutation: You have very sharp fingernails. [demonic
                  | ancestry]
  3285 | D:3      | Reached XP level 5. HP: 36/36 MP: 0/9
  3858 | D:4      | Noticed an ogre
  3876 | D:4      | Killed an ogre
  3877 | D:4      | Reached skill level 1 in Fighting
  3877 | D:4      | Reached skill level 1 in Short Blades
  3975 | D:4      | Gained mutation: You regenerate a little health from kills.
                  | [demonic ancestry]
  3975 | D:4      | Reached XP level 6. HP: 43/43 MP: 6/10
  4420 | D:4      | Found a basalt altar of Yredelemnul.
  4421 | D:4      | Found an ancient bone altar of Kikubaaqudgha.
  4422 | D:4      | Found a broken altar of Ashenzari.
  4580 | D:4      | Reached XP level 7. HP: 49/49 MP: 6/12
  4851 | D:4      | Found a staircase to the Ecumenical Temple.
  4860 | Temple   | Entered the Ecumenical Temple
  5006 | Temple   | Became a worshipper of Vehumet
  5097 | D:5      | Entered Level 5 of the Dungeon
  5097 | D:5      | Noticed Edmund
  5102 | D:5      | Learned a level 3 spell: Mephitic Cloud
  5122 | D:5      | Killed Edmund
  5123 | D:5      | Reached skill level 5 in Poison Magic
  5309 | D:5      | Found a hide-covered altar of Uskayaw.
  5316 | D:5      | Identified the +7 short sword of Understanding {protect,
                  | Int+3}
  6050 | D:6      | Gained mutation: You have a tail ending in a sharp stinger.
                  | [demonic ancestry]
  6050 | D:6      | Reached XP level 8. HP: 42/57 MP: 9/14
  6615 | D:6      | Reached * piety under Vehumet
  6615 | D:6      | Offered knowledge of Freeze by Vehumet.
  6842 | D:6      | Found a blossoming altar of Fedhas.
  6851 | D:6      | Reached skill level 5 in Spellcasting
  6851 | D:6      | Reached skill level 1 in Conjurations
  7713 | D:7      | Found a hazy altar of Hepliaklqana.
  7844 | D:7      | Found a sand-covered staircase.
  7852 | Ossuary  | Entered an ossuary
  7990 | Ossuary  | Gained mutation: Your demonic aura sometimes causes spilled
                  | blood to erupt in flames. [demonic ancestry]
  7990 | Ossuary  | Reached XP level 9. HP: 65/65 MP: 17/17
  8113 | Ossuary  | Reached ** piety under Vehumet
  8113 | Ossuary  | Offered knowledge of Static Discharge by Vehumet.
  8118 | Ossuary  | Learned a level 2 spell: Static Discharge
  8123 | Ossuary  | Learned a level 4 spell: Olgreb's Toxic Radiance
  8320 | D:7      | Found a stormy altar of Qazlal.
  8345 | D:7      | Noticed Maggie
  8350 | D:7      | Killed Maggie
  8503 | D:7      | Reached skill level 5 in Short Blades
  8739 | D:7      | Offered knowledge of Ignite Poison by Vehumet.
  8746 | D:7      | Learned a level 3 spell: Ignite Poison
  8910 | D:7      | Reached *** piety under Vehumet
  9389 | D:8      | Gained mutation: You have claws for hands. [demonic
                  | ancestry]
  9389 | D:8      | Reached XP level 10. HP: 73/73 MP: 19/19
  9904 | D:8      | Reached skill level 5 in Fighting
  9904 | D:8      | Offered knowledge of Iskenderun's Mystic Blast by Vehumet.
  9910 | D:8      | Learned a level 4 spell: Iskenderun's Mystic Blast
  9974 | D:8      | Reached skill level 5 in Dodging
 10331 | D:9      | Noticed a smoke demon
 10339 | D:9      | Identified the +1 long sword of Grace {speed, rElec rC-
                  | Will+ rCorr}
 10625 | D:9      | Noticed a two-headed ogre
 10629 | D:9      | Reached skill level 1 in Evocations
 10641 | D:9      | Killed a two-headed ogre
 10641 | D:9      | Reached **** piety under Vehumet
 10642 | D:9      | Reached skill level 1 in Fire Magic
 10811 | D:9      | Offered knowledge of Yara's Violent Unravelling by Vehumet.
 10811 | D:9      | Noticed a boulder beetle
 10827 | D:9      | Paralysed by a hornet for 1 turns
 10829 | D:9      | Reached skill level 1 in Translocations
 11025 | D:9      | Found a staircase to the Lair.
 11036 | D:9      | Killed a boulder beetle
 11037 | D:9      | Reached XP level 11. HP: 80/80 MP: 18/23
 11539 | D:9      | Noticed Erica
 11543 | D:9      | Killed Erica
 11605 | D:9      | Noticed a purple ugly thing
 11605 | D:9      | Noticed a skeletal warrior
 11619 | D:9      | Killed a purple ugly thing
 11626 | D:9      | Killed a skeletal warrior
 11911 | D:10     | Entered Level 10 of the Dungeon
 12161 | D:10     | Found a burning altar of Makhleb.
 12161 | D:10     | Noticed a balrug
 12176 | D:10     | Found an opulent altar of Gozag.
 12328 | D:10     | Reached ***** piety under Vehumet
 12335 | D:10     | Offered knowledge of Spellforged Servitor by Vehumet.
 12360 | D:10     | HP: 3/81 [hellwing (2)]
 12360 | D:10     | Slain by a hellwing

Illustrated notes

Levels and vault maps discovered:
D:1:      evilmike_arrival_hilbert_curve, layout_basic
D:2:      layout_basic, shapermc_ecumenical_altar_ellora,
          kennysheep_generic_room_9
D:3:      layout_basic, dreamdust_mushroom_princess
D:4:      layout_basic, chequers_temple_overflow_statue_of_worship, temple_hall,
          minmay_misc_feat_square
D:5:      layout_cave_pools, eat_drink_and_be_merry_uskayaw, uniq_edmund
D:6:      layout_basic, fedhas_altar_fruit_tree
D:7:      layout_loops_corners, nicolae_hepliaklqana_hippocampus,
          mainiacjoe_overflow_alcove_1, enter_ossuary_4, uniq_maggie
D:8:      layout_basic, serial_bayou_pond_a
D:9:      layout_big_octagon, due_lair_maze_entry_diamond,
          minmay_shattered_shrine, uniq_erica
D:10:     layout_cave_pools, old_standard_altar, makhleb_altar_promises_db,
          hiddenorc1_lemuel, library_closet, dk_noncrumbling_4,
          minmay_statues_item, serial_bayou_pond_e,
          hellmonk_guarded_unrand_cigotuvi
Temple:   hellmonk_temple_forest_ring

Skill      XL: |  1  2  3  4  5  6  7  8  9 10 11 |
---------------+----------------------------------+-----
Transmutations | 1 2 3 |  3.6
Dodging        | 2 3 4 5 6 |  6.3
Spellcasting   | 3 4 5 6 8 |  8.7
Air Magic      | 1 2 |  2.7
Poison Magic   | 4 5 6 7 8 |  8.3
Fighting       | 1 2 3 4 5 6 |  6.1
Short Blades   | 1 2 3 5 6 |  6.1
Stealth        | 2 3 |  3.3
Conjurations   | 1 2 3 4 |  4.5
Evocations     | 2 3 |  3.1
Fire Magic     | 1 2 |  2.4
Translocations | 1 2 |  2.5

Action                     |  1- 3 |  4- 6 |  7- 9 | 10-12 || total
---------------------------+-------+-------+-------+-------++-------
  Melee: Short sword       |     5 |       |       |       ||     5
         Rapier            |     6 |    21 |   197 |    81 ||   305
         Kick              |       |     6 |    58 |    24 ||    88
         Tailslap          |       |     3 |    26 |    11 ||    40
         Punch             |       |     1 |     2 |     1 ||     4
  Throw: Boomerang         |     1 |       |       |       ||     1
   Cast: Sting             |    54 |    30 |    56 |    29 ||   169
         Poisonous Vapours |    14 |    13 |    35 |    10 ||    72
         Mephitic Cloud    |       |       |     7 |     8 ||    15
         Static Discharge  |       |       |     9 |     4 ||    13
         Olgreb's Toxic Ra |       |       |     6 |    40 ||    46
         Ignite Poison     |       |       |     3 |    39 ||    42
         Iskenderun's Myst |       |       |       |    37 ||    37
  Evoke: Lightning rod     |       |       |       |     2 ||     2
         Wand              |       |       |       |     1 ||     1
    Use: Scroll            |       |       |    11 |     4 ||    15
         Potion            |       |       |       |     9 ||     9
   Stab: Sleeping          |       |       |    10 |       ||    10
         Confused          |       |       |     1 |     1 ||     2
 Armour: Robe              |     7 |     7 |    23 |       ||    37
         Steam dragon scal |       |       |     2 |    33 ||    35
  Dodge: Dodged            |    14 |    15 |   117 |    82 ||   228

Table legend: (Time is in decaauts)
 A = Elapsed time spent in this place.
 B = Non-inter-level travel time spent in this place.
 C = Inter-level travel time spent in this place.
 D = Time resting spent in this place.
 E = Time spent auto-exploring this place.
 F = Levels seen in this place.
 G = Mean time per level.
                   A        B        C        D        E       F      G
               +--------+--------+--------+--------+--------+-----+--------+
         Total |  12363 |  12015 |    348 |      0 |   9982 |  12 | 1030.2 |
       Dungeon |  11768 |  11449 |    319 |      0 |   9757 |  10 | 1176.8 |
        Temple |    160 |    131 |     29 |      0 |    120 |   1 |  160.0 |
       Ossuary |    433 |    433 |      0 |      0 |    105 |   1 |  433.0 |
               +--------+--------+--------+--------+--------+-----+--------+

Top non-repeatable levels by time:
     D:6: 1783 daAuts
     D:9: 1598 daAuts
     D:2: 1516 daAuts
     D:7: 1393 daAuts
     D:1: 1157 daAuts
     D:4: 1148 daAuts
     D:3: 1116 daAuts
     D:8: 945 daAuts
     D:5: 662 daAuts
    D:10: 444 daAuts
 Ossuary: 433 daAuts
  Temple: 160 daAuts
